 Dungeon Crawl Stone Soup version 0.31-a0-986-g5e6e4ef867 (webtiles) character file.

Game seed: 14707646441992212777

4405 Persephone the Cleaver (level 10, -1/56 HPs)
             Began as a Gargoyle Fighter on Nov 13, 2023.
             Was a Priest of Okawaru.
             Slain by a two-headed ogre
             ... wielding a +0 giant spiked club
              (17 damage)
             ... on level 9 of the Dungeon.
             The game lasted 00:11:21 (7000 turns).

Persephone the Cleaver (Gargoyle Fighter)           Turns: 7000, Time: 00:11:22

Health: -1/56      AC: 27    Str: 24    XL:     10   Next: 35%
Magic:  9/10       EV: 10    Int:  9    God:    Okawaru [***...]
Gold:   656        SH: 11    Dex:  9    Spells: 9/9 levels left

rFire   + + .        a - +1 war axe
rCold   x . .        k - +0 kite shield
rNeg    + . .        b - +0 fire dragon scales
rPois   ∞            c - +2 helmet
rElec   +            t - +2 cloak
rCorr   .            (no gloves)
SInv    .            p - +0 pair of boots
Will    .....        (no amulet)
Stlth   +            (no ring)
HPRegen 0.29/turn    (no ring)
MPRegen 0.12/turn

%: no passive effects
@: heroic
A: sickness immunity, AC +7, negative energy resistance 1, electricity
resistance, torment resistance 1, petrification resistance
a: Renounce Religion, Heroism


You were on level 9 of the Dungeon.
You worshipped Okawaru.
Okawaru was most pleased with you.
You visited 2 branches of the dungeon, and saw 10 of its levels.
You also visited: Bailey.

You collected 656 gold pieces.

Inventory:

Hand Weapons
 a - a +1 war axe (weapon)
Armour
 b - +0 fire dragon scales (worn)
 c - a +2 helmet (worn)
 k - a +0 kite shield (worn)
 o - a +0 plate armour
 p - a +0 pair of boots (worn)
 t - a +2 cloak (worn)
 v - a +1 pair of gloves
Jewellery
 g - a ring of fire
 C - a +6 ring of intelligence
Wands
 d - a wand of mindburst (21)
 r - a wand of digging (6)
 u - a wand of charming (13)
 A - a wand of quicksilver (4)
Scrolls
 i - 3 scrolls of vulnerability
 j - 3 scrolls of fog
 l - 2 scrolls of blinking
 n - a scroll of teleportation
 q - 2 scrolls of immolation
 y - a scroll of amnesia
Potions
 f - 5 potions of curing
 h - 2 potions of attraction
 m - a potion of cancellation
 s - 2 potions of heal wounds
 w - a potion of mutation
 x - a potion of brilliance
 z - 2 potions of haste
 D - a potion of lignification
Miscellaneous
 e - a lightning rod (4/4)


   Skills:
 - Level 3.2(8.2) Fighting
 * Level 11.8(16.8) Axes
 + Level 6.6(11.6) Armour
 + Level 6.7(11.7) Shields


You had 9 spell levels left.
You didn't know any spells.
Your spell library contained the following spells:

 Spells                   Type           Power      Damage    Failure   Level
 Freeze                   Ice            0%         1d3       85%         1
 Ensorcelled Hibernation  Hex/Ice        0%         N/A       94%         2
 Jinxbite                 Hex            0%         N/A       94%         2
 Lesser Beckoning         Tloc           0%         N/A       94%         2
 Wereblood                Tmut           0%         N/A       94%         2
 Gell's Gravitas          Tloc           0%         N/A       99%         3
 Ozocubu's Armour         Ice            0%         N/A       99%         3
 Teleport Other           Tloc           0%         N/A       99%         3
 Anguish                  Hex/Necr       0%         N/A       100%        4
 Metabolic Englaciation   Hex/Ice        0%         N/A       100%        5
 Ozocubu's Refrigeration  Ice            0%         4d7       100%        7
 Sublimation of Blood     Necr           Unusable   N/A       N/A         2
 Summon Hydra             Summ           Unusable   N/A       N/A         7

Dungeon Overview and Level Annotations

Branches:
Dungeon (9/15)             Temple (1/1) D:5          Bailey (visited)
   Lair: D:8-11         Orc: D:9-12

Altars:
Cheibriados
Dithmenos
Elyvilon
Fedhas
Gozag
Hepliaklqana
Makhleb
Nemelex Xobeh
Okawaru
Qazlal
Ru
Sif Muna
Uskayaw
Vehumet
Wu Jian
Xom
Yredelemnul
Zin
The Shining One

Annotations:
D:5 1 runed translucent door


Innate Abilities, Weirdness & Mutations

You are immune to sickness and miasma.
Your stone body is resilient. (AC +7)
You are immune to poison.
You resist negative energy. (rN+)
You are resistant to electric shocks. (rElec)
You are resistant to unholy torment.
You are immune to petrification.


Message History

You open the door.
Auto kill stopped - Too dangerous: Extremely Dangerous (1) Dangerous (0) Easy (0) Harmless (0)
A two-headed ogre comes into view.
It is wielding two +0 giant spiked clubs.
The two-headed ogre shouts in stereo!
There is an open door here.
You see here a +1 pair of gloves.
v - a +1 pair of gloves You start putting on your armour.
You continue putting on your +1 pair of gloves. x2
The two-headed ogre barely misses you.
The two-headed ogre hits you but does no damage.
You stop putting on your armour.
You gain the combat prowess of a mighty hero.
You slash the two-headed ogre!
The two-headed ogre is lightly wounded.
The two-headed ogre closely misses you. x2
You barely miss the two-headed ogre.
The two-headed ogre is lightly wounded.
You hit the two-headed ogre but do no damage.
The two-headed ogre is lightly wounded.
You block the two-headed ogre's attack. The two-headed ogre barely misses you.
You slash the two-headed ogre!
The two-headed ogre is moderately wounded.
You slash the two-headed ogre!
The two-headed ogre is heavily wounded.
The two-headed ogre hits you with a +0 giant spiked club.
The two-headed ogre hits you but does no damage.
You hit the two-headed ogre.
The two-headed ogre is heavily wounded.
You hit the two-headed ogre.
The two-headed ogre is heavily wounded.
The two-headed ogre hits you with a +0 giant spiked club!!
The two-headed ogre hits you with a +0 giant spiked club!
* * * LOW HITPOINT WARNING * * *
You slash the two-headed ogre!
The two-headed ogre is severely wounded.
You hit the two-headed ogre.
The two-headed ogre is severely wounded.
The two-headed ogre hits you with a +0 giant spiked club!
You die...

#...... #.....#
#.....#......#
#.....#......#
#.....#....O.#
#.....#......#
#.....#......#
#....@#......#
#....O#......#
#.....'......# ##
#.....########...
#...............#
#...............#
......#####..######
.......# #..#
.......# #..#


You could see a two-headed ogre.

Vanquished Creatures
  An orc knight (Bailey)
  A shadow (D:8)
  A wyvern (D:7)
  A steam dragon (D:8)
  Menkaure (D:6)
  A water moccasin (D:6)
  8 orc warriors
  2 black bears
  2 ice beasts (D:5)
  An ogre (D:4)
  4 centaurs
  A phantom (D:3)
  3 kobold brigands (D:7)
  A bullfrog (D:6)
  3 scorpions
  7 killer bees
  4 hounds
  3 jellies
  5 orc priests
  Crazy Yiuf (D:3)
  A gnoll bouda (D:7)
  4 iguanas
  Jessica (D:3)
  5 orc wizards
  11 adders
  3 gnolls (D:7)
  A shadow imp (D:7)
  4 ufetubi
  4 worms
  4 dart slugs
  57 orcs
  6 bats
  8 endoplasms
  3 giant cockroaches
  9 goblins
  3 hobgoblins (D:2)
  6 jackals (D:4)
  2 quokkas
  4 ball pythons
  2 frilled lizards
  15 kobolds
  3 rats
207 creatures vanquished.

Notes
Turn   | Place    | Note
-------+----------+-------------------------------------------
     0 | D:1      | Persephone the Gargoyle Fighter began the quest for the
                  | Orb.
     0 | D:1      | Reached XP level 1. HP: 14/14 MP: 1/1
    90 | D:1      | Reached skill level 2 in Axes
   211 | D:1      | Reached XP level 2. HP: 16/19 MP: 2/2
   707 | D:1      | Found a faded altar of an unknown god.
   864 | D:2      | Reached skill level 3 in Axes
   966 | D:2      | Reached XP level 3. HP: 23/23 MP: 3/3
  1381 | D:2      | Reached XP level 4. HP: 25/28 MP: 4/4
  1555 | D:3      | Noticed Jessica
  1560 | D:3      | Reached skill level 4 in Axes
  1568 | D:3      | Reached XP level 5. HP: 12/32 MP: 5/5
  1574 | D:3      | Killed Jessica
  1575 | D:3      | Reached skill level 5 in Axes
  1672 | D:3      | Found a sacrificial altar of Ru.
  1744 | D:3      | Noticed a phantom
  1766 | D:3      | Killed a phantom
  1767 | D:3      | Reached XP level 6. HP: 23/37 MP: 6/6
  2007 | D:3      | Found a runed translucent door.
  2009 | D:3      | Noticed Crazy Yiuf
  2328 | D:3      | Killed Crazy Yiuf
  2474 | D:4      | Reached skill level 6 in Axes
  2613 | D:4      | Found a white marble altar of Elyvilon.
  2829 | D:4      | Reached XP level 7. HP: 37/41 MP: 7/7
  3015 | D:4      | Found a snail-covered altar of Cheibriados.
  3224 | D:4      | Reached skill level 7 in Axes
  3333 | D:5      | Entered Level 5 of the Dungeon
  3402 | D:5      | Found a staircase to the Ecumenical Temple.
  3446 | D:5      | Reached skill level 8 in Axes
  3494 | Temple   | Entered the Ecumenical Temple
  3567 | Temple   | Became a worshipper of Warmaster Okawaru
  3664 | D:5      | Reached XP level 8. HP: 6/46 MP: 8/8
  4091 | D:5      | Reached skill level 9 in Axes
  4215 | D:5      | Found a runed translucent door.
  4222 | D:5      | Found a basalt altar of Yredelemnul.
  4326 | D:6      | Noticed Menkaure
  4331 | D:6      | Killed Menkaure
  4387 | D:6      | Found the +7 Throatcutter {drain, coup de grace}
  4424 | D:6      | Reached * piety under Okawaru
  4910 | D:6      | Reached skill level 10 in Axes
  4910 | D:6      | Reached XP level 9. HP: 35/51 MP: 9/9
  5102 | Bailey   | Identified the "Wueff"
  5176 | D:7      | Found a flagged portal.
  5190 | D:7      | Reached ** piety under Okawaru
  5198 | Bailey   | Entered a bailey
  5492 | Bailey   | Noticed an orc knight
  5499 | Bailey   | Reached skill level 5 in Shields
  5499 | Bailey   | Killed an orc knight
  5500 | Bailey   | Reached skill level 11 in Axes
  5500 | Bailey   | Reached skill level 5 in Armour
  5648 | Bailey   | Reached *** piety under Okawaru
  5795 | D:7      | Reached XP level 10. HP: 45/56 MP: 10/10
  6381 | D:8      | Found a burning altar of Makhleb.
  6981 | D:9      | Noticed a two-headed ogre
  7000 | D:9      | Slain by a two-headed ogre

Illustrated notes

Levels and vault maps discovered:
D:1:      tekkud_arrival_beachfront_property, layout_loops_ring,
          hellmonk_ecumenical_altar_inner_sanctum
D:2:      layout_basic
D:3:      layout_rooms, amcnicky_altar_gilded, nrook_uturn,
          minmay_misc_feat_rows, uniq_crazy_yiuf_cottage, uniq_jessica
D:4:      layout_basic, cheibrodos_worm_habitat,
          nicolae_elyvilon_peaceful_grove, grunt_tough_drop
D:5:      cheibrodos_helix_gallery, layout_cave_pools, dk_yredelemnul_ordeal,
          temple_pool_b, minmay_checkerbox
D:6:      layout_loops_ring, uniq_menkaure
D:7:      layout_cave_pools, enter_bailey_2, minmay_misc_feat_room,
          minmay_unpleasant_kobolds
D:8:      layout_rooms, nicolae_overflow_crystal_walls
D:9:      layout_irregular_city, trog_hazing_becter,
          mainiacjoe_overflow_cross_hatched, gammafunk_ghost_hydra_chop
Temple:   nicolae_temple_superstar

Skill      XL: |  1  2  3  4  5  6  7  8  9 10 |
---------------+-------------------------------+-----
Axes           | 2 3 4 5 6 8 10 11 | 11.8
Shields        | 4 6 |  6.7
Armour         | 5 6 |  6.6
Fighting       | |  3.2

Action                     |  1- 3 |  4- 6 |  7- 9 | 10-12 || total
---------------------------+-------+-------+-------+-------++-------
  Melee: War axe           |    97 |   118 |   395 |   122 ||   732
 Invoke: Heroism           |       |       |     1 |     4 ||     5
  Evoke: Lightning rod     |       |       |     3 |       ||     3
    Use: Potion            |       |     1 |     3 |       ||     4
         Scroll            |       |       |    18 |     2 ||    20
 Armour: Scale mail        |    24 |       |       |       ||    24
         Plate armour      |    63 |    92 |   423 |       ||   578
         Fire dragon scale |       |       |    25 |   111 ||   136
  Dodge: Dodged            |    30 |    25 |   104 |    56 ||   215
  Block: Buckler           |     4 |       |       |       ||     4
         Kite shield       |    35 |    56 |   208 |    78 ||   377

Table legend: (Time is in decaauts)
 A = Elapsed time spent in this place.
 B = Non-inter-level travel time spent in this place.
 C = Inter-level travel time spent in this place.
 D = Time resting spent in this place.
 E = Time spent auto-exploring this place.
 F = Levels seen in this place.
 G = Mean time per level.
                   A        B        C        D        E       F      G
               +--------+--------+--------+--------+--------+-----+--------+
         Total |   7160 |   6720 |    440 |      0 |   5158 |  11 |  650.9 |
       Dungeon |   6511 |   6176 |    335 |      0 |   4785 |   9 |  723.4 |
        Temple |    108 |      3 |    105 |      0 |      0 |   1 |  108.0 |
        Bailey |    540 |    540 |      0 |      0 |    372 |   1 |  540.0 |
               +--------+--------+--------+--------+--------+-----+--------+

Top non-repeatable levels by time:
     D:4: 971 daAuts
     D:3: 932 daAuts
     D:5: 907 daAuts
     D:1: 855 daAuts
     D:6: 791 daAuts
     D:2: 693 daAuts
     D:7: 689 daAuts
  Bailey: 540 daAuts
     D:8: 500 daAuts
     D:9: 171 daAuts
  Temple: 108 daAuts
